 Dungeon Crawl Stone Soup version 0.31-a0-626-g8143ab4f1d (webtiles) character file.

Game seed: 15068434377937866003

96844 rocky1 the Arsonist (level 16, -3/100 HPs)
             Began as a Gargoyle Earth Elementalist on Aug 24, 2023.
             Was the Champion of Vehumet.
             Slain by a +2 halberd of flaming (19 damage)
             ... on level 1 of the Elven Halls on Aug 25, 2023.
             The game lasted 01:34:02 (28194 turns).

rocky1 the Arsonist (Gargoyle Earth Elementalist)  Turns: 28194, Time: 01:34:03

Health: -3/100     AC: 20    Str: 16    XL:     16   Next: 18%
Magic:  26/31      EV: 13    Int: 33    God:    Vehumet [******]
Gold:   193        SH:  0    Dex: 13    Spells: 20/38 levels left

rFire   + . .        Q - +4 mace of Okawaru's Wrath {flame, rC+ Str+3 Int+4 Dex+3}
rCold   + + +        (no shield)
rNeg    + + .        L - +4 skin of Zhor {*Englaciate rC+++ SInv}
rPois   ∞            t - -2 hat of the Alchemist {rElec rPois rF+ rC+ rN+ Will+ rMut rCorr}
rElec   +            r - scarf {+Inv}
rCorr   +            Y - +1 pair of gloves {Stlth+}
SInv    +            Z - +1 pair of boots
Will    +++..        N - amulet of magic regeneration
Stlth   +++          M - ring of Sulizar {Wiz Will+}
HPRegen 0.36/turn    I - +6 ring of intelligence
MPRegen 0.62/turn

%: resist mutation, wizardry (x1)
@: flying
A: sickness immunity, AC +12, big wings, negative energy resistance 1,
electricity resistance, torment resistance 1, petrification resistance
a: Renounce Religion, Evoke Invisibility


You were on level 1 of the Elven Halls.
You worshipped Vehumet.
Vehumet was exalted by your worship.
You visited 6 branches of the dungeon, and saw 24 of its levels.
You also visited: Ossuary.

You collected 2812 gold pieces.
You spent 2619 gold pieces at shops.

Inventory:

Hand Weapons
 g - a +2 morningstar of pain
 Q - the +4 mace of Okawaru's Wrath (weapon) {flame, rC+ Str+3 Int+4 Dex+3}
   (You found it on level 4 of the Lair of Beasts)

   Str+3:     It affects your strength (+3).
   Int+4:     It affects your intelligence (+4).
   Dex+3:     It affects your dexterity (+3).
   rC+:       It protects you from cold.
 S - a +4 eveningstar of electrocution
Missiles
 h - a throwing net
 i - 11 javelins
 y - 9 atropa-tipped darts
 A - 4 curare-tipped darts
Armour
 r - a scarf of invisibility (worn)
 t - the -2 hat of the Alchemist (worn) {rElec rPois rF+ rC+ rN+ Will+ rMut rCorr}
   (You found it on level 4 of the Lair of Beasts)

   rF+:       It protects you from fire.
   rC+:       It protects you from cold.
   rElec:     It insulates you from electricity.
   rPois:     It protects you from poison rN+: It protects you from negative
   energy.
   Will+:     It increases your willpower.
   rCorr:     It protects you from acid and corrosion.
   rMut:      It protects you from mutation.
 L - the +4 skin of Zhor (worn) {*Englaciate rC+++ SInv}
   (You found it on level 9 of the Dungeon)

   *Englaciate: It radiates cold, occasionally slowing all nearby creatures who
   are not resistant to cold.
   rC+++:     It renders you almost immune to cold.
   SInv:      It lets you see invisible.
 Y - a +1 pair of gloves of stealth (worn)
 Z - a +1 pair of boots (worn)
Jewellery
 I - a +6 ring of intelligence (right hand)
 M - the ring of Sulizar (left hand) {Wiz Will+}
   (You found it on level 10 of the Dungeon)

   [ring of wizardry]

   Wiz:       It improves your spell success rate.
   Will+:     It increases your willpower.
 N - an amulet of magic regeneration (around neck)
Wands
 f - a wand of paralysis (4)
 s - a wand of digging (8)
 v - a wand of mindburst (18)
 E - a wand of iceblast (36)
 U - a wand of quicksilver (3)
Scrolls
 d - 7 scrolls of immolation
 n - 2 scrolls of silence
 o - 5 scrolls of teleportation
 z - 3 scrolls of amnesia
 O - 2 scrolls of poison
 P - 2 scrolls of revelation
 X - a scroll of identify
Potions
 a - 4 potions of enlightenment
 c - a potion of might
 j - 5 potions of resistance
 k - a potion of ambrosia
 p - 4 potions of lignification
 u - 5 potions of mutation
 C - 5 potions of curing
 F - 5 potions of brilliance
 G - 5 potions of heal wounds
 J - a potion of cancellation
 T - a potion of berserk rage
Miscellaneous
 K - a box of beasts
 V - a lightning rod (4/4)


   Skills:
 * Level 11.4 Fighting
 - Level 3.9 Armour
 - Level 3.5 Dodging
 - Level 2.1 Stealth
 + Level 11.5 Spellcasting
 + Level 12.1 Conjurations
 - Level 3.1 Transmutations
 + Level 14.8 Fire Magic
 - Level 13.2 Earth Magic
 - Level 3.7 Poison Magic
 + Level 8.0 Evocations


You had 20 spell levels left.
You knew the following spells:

 Your Spells              Type           Power      Damage    Failure   Level
a - Sandblast             Erth           100%       2d20      0%          1
b - Passwall              Tmut/Erth      54%        N/A       1%          2
c - Stone Arrow           Conj/Erth      100%       3d13      1%          3
d - Starburst             Conj/Fire      41%        6d12      1%          6
e - Olgreb's Toxic Radia  Pois           43%        N/A       1%          4
f - Blink                 Tloc           38%        N/A       1%          2

Your spell library contained the following spells:

 Spells                   Type           Power      Damage    Failure   Level
 Yara's Violent Unravell  Hex/Tmut       14%        3d7       4%          5
 Necrotise                Necr           76%        1d7       1%          1
 Slow                     Hex            76%        N/A       1%          1
 Sting                    Tmut/Pois      100%       1d8       1%          1
 Poisonous Vapours        Pois/Air       62%        N/A       1%          2
 Dazzling Flash           Conj/Hex       100%       N/A       1%          3
 Volatile Blastmotes      Fire/Tloc      100%       2d18      1%          3
 Petrify                  Tmut/Erth      65%        N/A       1%          4
 Confusing Touch          Hex            19%        N/A       3%          3
 Ozocubu's Armour         Ice            19%        N/A       3%          3
 Vampiric Draining        Necr           19%        2d7       3%          3
 Anguish                  Hex/Necr       9%         N/A       10%         4
 Cause Fear               Hex            9%         N/A       10%         4
 Manifold Assault         Tloc           19%        N/A       10%         4
 Agony                    Necr           19%        N/A       26%         5
 Ozocubu's Refrigeration  Ice            9%         4d9       83%         7
 Enfeeble                 Hex            9%         N/A       100%        7
 Maxwell's Capacitive Co  Air            9%         ∞         100%        8
 Dragon's Call            Summ           9%         N/A       100%        9


Dungeon Overview and Level Annotations

Branches:
Dungeon (14/15)            Temple (1/1) D:5            Lair (5/5) D:11
  Swamp (0/4) Lair:3        Snake (0/4) Lair:3        Slime (1/5) Lair:5
    Orc (2/2) D:12            Elf (1/3) Orc:2        Vaults (0/5) D:13
Ossuary (visited)

Altars:
Ashenzari
Cheibriados
Dithmenos
Elyvilon
Fedhas
Gozag
Hepliaklqana
Kikubaaqudgha
Makhleb
Nemelex Xobeh
Okawaru
Qazlal
Ru
Sif Muna
Trog
Uskayaw
Vehumet
Wu Jian
Xom
Yredelemnul
Zin
The Shining One
Jiyva

Shops:
D:6 [   D:10 [**   D:12 ((   Orc:2 [**:(


Innate Abilities, Weirdness & Mutations

You are immune to sickness and miasma.
Your stone body is resilient. (AC +12)
You are immune to poison.
Your large and strong wings let you fly.
You resist negative energy. (rN+)
You are resistant to electric shocks. (rElec)
You are resistant to unholy torment.
You are immune to petrification.


Message History

The +3 trident of venom is severely damaged.
The bolt of fire hits you! You resist. The bolt of fire misses you.
Unknown command.
Unknown command.
Aiming: Stone Arrow (safe; 1% risk of failure)
Press: ? - help, Q - select action, (/) - cycle Shift-Dir - straight line, f - +3 trident of venom
Aim: a +3 trident of venom (heavily damaged, 52% to hit)
The stone arrow misses the +3 trident of venom.
The deep elf pyromancer mumbles some strange words.
The deep elf pyromancer blinks!
The +3 trident of venom hits you but does no damage.
Unknown command.
Aiming: Stone Arrow (safe; 1% risk of failure)
Press: ? - help, Q - select action, (/) - cycle Shift-Dir - straight line, f/p - +3 trident of venom
Aim: a +3 trident of venom (heavily damaged, 52% to hit)
The stone arrow hits the +3 trident of venom!
The +3 trident of venom falls from the air.
Vehumet accepts your kill.
A +2 halberd of flaming comes into view.
Unknown command.
A +4 dire flail of draining comes into view.
You radiate an aura of cold.
The +4 dire flail of draining is unaffected.
The +2 halberd of flaming is unaffected.
The +4 dire flail of draining hits you!!
* * * LOW HITPOINT WARNING * * *
You feel much better.
The +2 halberd of flaming hits you from afar!
The +2 halberd of flaming burns you.
* * * LOW HITPOINT WARNING * * *
The +4 dire flail of draining hits you!
* * * LOW HITPOINT WARNING * * *
The +2 halberd of flaming hits you but does no damage.
You feel much better.
You radiate an aura of cold.
The +4 dire flail of draining is unaffected.
The +2 halberd of flaming is unaffected.
The +4 dire flail of draining hits you!!
* * * LOW HITPOINT WARNING * * *
The +2 halberd of flaming hits you from afar!!
You die...

#.##.....)...#.#
##.##.###.###.#.#
#.#.###.....###.#
##.#.##.......#..#
#.#.#.##..#..##..#
##.#.#)##..#..#
..#
#.#(#.#.##...## ..
##.#(#.#.##...#
#(#.#@#.#.##.##
##.#:#.#.#)##.#
#.#.#######.#.#
#)##......##)##
#)##....##...# .).
.##.)..## .).
#....### .%##.
#..##. .) . ###.
.#


You could see 2 dancing weapons.

Vanquished Creatures
  2 azure jellies (Slime:1)
  A deep elf sorcerer (Elf:1)
  An orc warlord (Orc:2)
  A deep elf demonologist (Elf:1)
  The ghost of epsilonplus the Geomancer, a journeyman GrEE of Cheibriados (D:13)
  The ghost of Midn8 the Zephyrmancer, a journeyman DrVM of Vehumet (Orc:2)
  A fire dragon (D:14)
  The ghost of olddryhag the Basher, a journeyman DsGl of Lugonu (D:13)
  4 vault guards (D:13)
  4 hydras
  3 catoblepae (Lair:5)
  6 boulder beetles
  4 dancing weapons (Elf:1)
  6 centaur warriors
  A two-headed ogre (D:10)
  3 orc high priests (Orc:2)
  12 death yaks
  The ghost of lunkers the Martial Artist, a novice MeSh of Gozag (D:8)
  2 deep elf knights (Elf:1)
  Urug (D:11)
  A skyshark (Lair:3)
  A skeletal warrior (D:9)
  A lindwurm (shapeshifter) (D:13)
  A deep elf archer (Elf:1)
  Pikel (D:4)
  5 deep elf zephyrmancers (Elf:1)
  A lindwurm (Lair:1)
  3 orc knights (Orc:2)
  3 ugly things
  2 deep elf pyromancers
  4 manticores
  3 cyclopes
  7 orc sorcerers
  An oklob plant (D:12)
  A will-o-the-wisp (Lair:3)
  5 black mambas
  A guardian serpent (shapeshifter) (D:13)
  6 elephants (Lair:2)
  2 gargoyles (D:13)
  12 cane toads
  A torpor snail (Lair:1)
  An unseen horror (D:13)
  An efreet (D:9)
  2 rime drakes (Lair:5)
  8 komodo dragons
  A tengu conjurer (D:13)
  7 trolls
  A polar bear (Lair:3)
  3 hornets
  A tarantella (Lair:1)
  7 blink frogs (Lair:1)
  3 dream sheep (Lair:1)
  16 slime creatures
  A vampire (D:10)
  A spriggan (shapeshifter) (Elf:1)
  A culicivora (shapeshifter) (D:12)
  Eustachio (D:4)
  A water elemental (Elf:1)
  4 wraiths
  89 yaks
  2 basilisks
  5 neqoxecs (Orc:2)
  5 wyverns
  7 vampire mosquitoes
  3 redbacks (Lair:1)
  3 nagas (Lair:3)
  A warg (Orc:2)
  4 acid dragons
  13 water moccasins
  25 orc warriors
  4 sky beasts
  2 ice beasts
  10 ogres
  14 wolves
  5 centaurs
  2 kobold brigands (D:6)
  3 gnoll sergeants
  9 bullfrogs
  An earth elemental (Elf:1)
  2 scorpions
  4 wights (D:7)
  15 killer bees
  An oklob sapling (D:12)
  2 electric eels
  4 lava snakes (Lair:1)
  5 howler monkeys (D:9)
  3 quasits (Orc:2)
  A human zombie (Ossuary)
  7 hounds
  6 orc priests
  8 jellies
  3 sleepcaps
  A gnoll bouda (D:5)
  4 iguanas
  Natasha (thrice) (D:3)
  10 orc wizards
  A hound zombie (Ossuary)
  4 mummies (Ossuary)
  9 adders
  18 gnolls
  A shadow imp (D:7)
  4 white imps
  3 worms
  A dart slug (D:4)
  66 orcs
  14 ball pythons
  5 bats
  2 endoplasms
  5 giant cockroaches
  4 goblins
  7 hobgoblins
  3 jackals (D:4)
  13 kobolds
  5 quokkas
  4 frilled lizards
  A gnoll zombie (Ossuary)
  2 goblin zombies (Ossuary)
  A hobgoblin zombie (Ossuary)
  A jackal zombie (Ossuary)
  4 orc zombies (Ossuary)
  5 rats
  A rat zombie (Ossuary)
648 creatures vanquished.

Vanquished Creatures (collateral kills)
  An orc priest (D:7)
  An orc (D:7)
2 creatures vanquished.

Vanquished Creatures (others)
  An orc (Orc:2)
  3 ball lightnings (Orc:2)
4 creatures vanquished.

Grand Total: 654 creatures vanquished

Notes
Turn   | Place    | Note
-------+----------+-------------------------------------------
     0 | D:1      | rocky1 the Gargoyle Earth Elementalist began the quest for
                  | the Orb.
     0 | D:1      | Reached XP level 1. HP: 10/10 MP: 3/3
   257 | D:1      | Reached XP level 2. HP: 15/15 MP: 1/5
  1022 | D:1      | Reached XP level 3. HP: 19/19 MP: 4/6
  1409 | D:2      | Reached skill level 5 in Earth Magic
  1568 | D:2      | Reached XP level 4. HP: 24/24 MP: 4/7
  1608 | D:2      | Learned a level 2 spell: Passwall
  1612 | D:2      | Learned a level 3 spell: Stone Arrow
  1948 | D:3      | Noticed Natasha
  1953 | D:3      | Killed Natasha
  1983 | D:3      | Noticed Natasha
  1984 | D:3      | Killed Natasha
  1985 | D:3      | Reached XP level 5. HP: 28/28 MP: 6/8
  2037 | D:3      | Noticed Natasha
  2039 | D:3      | Killed Natasha
  2252 | D:3      | Found a bloodstained altar of Trog.
  2529 | D:4      | Reached XP level 6. HP: 30/33 MP: 4/9
  2744 | D:4      | Noticed Pikel
  2758 | D:4      | Killed Pikel
  2759 | D:4      | Reached skill level 10 in Earth Magic
  2759 | D:4      | Reached XP level 7. HP: 4/37 MP: 8/10
  2991 | D:4      | Reached skill level 5 in Fighting
  2991 | D:4      | Reached skill level 5 in Spellcasting
  2991 | D:4      | Reached XP level 8. HP: 51/51 MP: 9/16
  3039 | D:4      | Noticed Eustachio
  3043 | D:4      | Killed Eustachio
  3044 | D:4      | Reached XP level 9. HP: 55/55 MP: 13/17
  3107 | D:4      | Identified the +1 long sword "Edy Rym" {pain, *Corrode
                  | Will+ Int+2 Dex+3}
  3374 | D:4      | Found a shadowy altar of Dithmenos.
  3443 | D:5      | Entered Level 5 of the Dungeon
  3596 | D:5      | Found a staircase to the Ecumenical Temple.
  3676 | Temple   | Entered the Ecumenical Temple
  5117 | D:6      | Found Kexath's Antique Armour Shoppe.
  5125 | D:6      | Bought a distressingly furry robe for 176 gold pieces
  5125 | D:6      | Identified the +0 robe of Hedge Wizardry {rElec rPois rCorr
                  | Str-3} (You bought it in a shop on level 6 of the Dungeon)
  5847 | D:6      | Found a shimmering blue altar of Sif Muna.
  6212 | D:7      | Reached XP level 10. HP: 60/61 MP: 16/19
  6727 | D:7      | Reached skill level 5 in Conjurations
  7068 | D:7      | Found a snail-covered altar of Cheibriados.
  7069 | D:7      | Found an opulent altar of Gozag.
  7071 | D:7      | Found a glowing golden altar of the Shining One.
  7071 | D:7      | Found a burning altar of Makhleb.
  7071 | D:7      | Found an iron altar of Okawaru.
  7073 | D:7      | Found an ancient bone altar of Kikubaaqudgha.
  7074 | D:7      | Found a radiant altar of Vehumet.
  7089 | D:7      | Became a worshipper of Vehumet
  7412 | D:8      | Found a sand-covered staircase.
  7417 | Ossuary  | Entered an ossuary
  7434 | Ossuary  | Reached * piety under Vehumet
  7434 | Ossuary  | Offered knowledge of Foxfire by Vehumet.
  7862 | Ossuary  | Identified the +8 morningstar of Vaduoc {heavy, *Noise
                  | Will+ Int+3}
  8187 | D:8      | Found a transporter.
  8449 | D:8      | Noticed lunkers's ghost (novice MeSh)
  8449 | D:8      | Identified the +10 dire flail "Murmur" {heavy, Str+4}
  8454 | D:8      | Found a transporter.
  8574 | D:8      | Found a blossoming altar of Fedhas.
  9112 | D:9      | Offered knowledge of Poisonous Vapours by Vehumet.
  9114 | D:9      | Reached ** piety under Vehumet
  9348 | D:9      | Found the +4 skin of Zhor {*Englaciate rC+++ SInv}
  9373 | D:9      | Noticed a boulder beetle
  9375 | D:9      | Noticed a centaur warrior
  9378 | D:9      | Noticed a six-headed hydra
  9379 | D:9      | Noticed a skeletal warrior
  9626 | D:9      | Killed a six-headed hydra
  9627 | D:9      | Reached XP level 11. HP: 69/69 MP: 12/22
  9749 | D:9      | Killed a centaur warrior
  9964 | D:9      | Killed a boulder beetle
 10142 | D:9      | Killed a skeletal warrior
 10658 | D:6      | Bought a spiked leather armour for 217 gold pieces
 10658 | D:6      | Identified the +1 leather armour "Ihiocw" {rN+++ Will-
                  | Dex+2 SInv} (You bought it in a shop on level 6 of the
                  | Dungeon)
 10782 | D:8      | Learned a level 6 spell: Starburst
 11199 | D:8      | Killed lunkers's ghost
 11200 | D:8      | Reached skill level 1 in Fire Magic
 11328 | D:10     | Entered Level 10 of the Dungeon
 11588 | D:9      | Reached skill level 2 in Fire Magic
 11714 | D:10     | Reached skill level 10 in Fighting
 11935 | D:10     | Found Wiczicua's Assorted Antiques.
 12006 | D:10     | Noticed a two-headed ogre
 12009 | D:10     | Killed a two-headed ogre
 12233 | D:10     | Reached skill level 3 in Fire Magic
 12423 | D:10     | Found Ecufy's Assorted Antiques.
 12436 | D:10     | Bought a slimy ruby amulet for 185 gold pieces
 12436 | D:10     | Identified the amulet of Caodiown {rElec rC+ Regen+} (You
                  | bought it in a shop on level 10 of the Dungeon)
 12949 | D:10     | Reached XP level 12. HP: 77/77 MP: 12/25
 12959 | D:10     | Identified the ring of Sulizar {Wiz Will+}
 13061 | D:10     | Found Acwikoqy's Armour Shop.
 13163 | D:11     | Found a gate leading to a gauntlet.
 13188 | D:11     | You fall into a shaft and drop 2 floors!
 13377 | D:12     | Reached skill level 4 in Fire Magic
 14066 | D:12     | Found Qebom's Weapon Emporium.
 14069 | D:12     | Found a staircase to the Orcish Mines.
 14075 | D:12     | Offered knowledge of Inner Flame by Vehumet.
 14530 | D:11     | Reached *** piety under Vehumet
 14531 | D:11     | Reached skill level 5 in Fire Magic
 14661 | D:11     | Noticed a centaur warrior
 14665 | D:11     | Killed a centaur warrior
 14816 | D:11     | Noticed Urug
 14822 | D:11     | Killed Urug
 14909 | D:11     | Found a staircase to the Lair.
 14994 | D:12     | Found Yffatiyth's Weapon Shop.
 15199 | D:12     | Reached skill level 10 in Spellcasting
 15202 | D:12     | Reached skill level 6 in Fire Magic
 15529 | D:12     | Offered knowledge of Frozen Ramparts by Vehumet.
 16717 | D:13     | Found a runed translucent gate.
 16718 | D:13     | Found a runed translucent gate.
 16718 | D:13     | Found a runed translucent gate.
 16719 | D:13     | Noticed epsilonplus's ghost (journeyman GrEE)
 16720 | D:13     | Noticed olddryhag's ghost (journeyman DsGl)
 17015 | D:13     | Reached skill level 10 in Conjurations
 17015 | D:13     | Reached skill level 7 in Fire Magic
 17066 | D:13     | Reached XP level 13. HP: 60/82 MP: 18/27
 17557 | D:13     | Noticed a vault guard
 17570 | D:13     | Killed a vault guard
 17571 | D:13     | Reached skill level 8 in Fire Magic
 17573 | D:13     | Noticed a vault guard
 17593 | D:13     | Killed a vault guard
 17594 | D:13     | Killed olddryhag's ghost
 17697 | D:13     | Reached skill level 9 in Fire Magic
 17736 | D:13     | Noticed a vault guard
 17749 | D:13     | Killed a vault guard
 18010 | D:13     | Killed epsilonplus's ghost
 18011 | D:13     | Reached skill level 10 in Fire Magic
 18192 | D:13     | Found a gate to the Vaults.
 18383 | D:13     | Reached **** piety under Vehumet
 18415 | D:13     | Noticed a vault guard
 18419 | D:13     | Killed a vault guard
 18557 | D:14     | Offered knowledge of Hailstorm by Vehumet.
 18626 | D:14     | Reached skill level 11 in Fire Magic
 18889 | D:14     | Noticed a fire dragon
 18895 | D:14     | Killed a fire dragon
 19063 | D:14     | Found an iron altar of Okawaru.
 19162 | D:14     | Reached skill level 12 in Fire Magic
 19421 | Lair:1   | Entered Level 1 of the Lair of Beasts
 19450 | Lair:1   | Found a runed translucent door.
 19559 | Lair:1   | Reached skill level 1 in Evocations
 19569 | Lair:1   | Gained mutation: Your large and strong wings let you fly.
                  | [Gargoyle growth]
 19569 | Lair:1   | Reached XP level 14. HP: 74/88 MP: 4/28
 20652 | Lair:1   | Found a runed translucent gate.
 20652 | Lair:1   | Found a runed translucent gate.
 20652 | Lair:1   | Found a runed translucent gate.
 20652 | Lair:1   | Found a runed translucent gate.
 20652 | Lair:1   | Found a runed translucent gate.
 20652 | Lair:1   | Found a runed translucent gate.
 20929 | Lair:1   | Reached skill level 13 in Fire Magic
 21071 | Lair:2   | Reached ***** piety under Vehumet
 21078 | Lair:2   | Offered knowledge of Flame Wave by Vehumet.
 21307 | Lair:2   | Reached skill level 5 in Evocations
 22480 | Lair:3   | Found a staircase to the Swamp.
 22515 | Lair:3   | Found a staircase to the Snake Pit.
 22920 | Lair:3   | Learned a level 4 spell: Olgreb's Toxic Radiance
 23009 | Lair:3   | Offered knowledge of Airstrike by Vehumet.
 23212 | Lair:4   | Found the -2 hat of the Alchemist {rElec rPois rF+ rC+ rN+
                  | Will+ rMut rCorr}
 23293 | Lair:4   | Reached skill level 1 in Poison Magic
 23332 | Lair:4   | Identified the +4 mace of Okawaru's Wrath {flame, rC+ Str+3
                  | Int+4 Dex+3}
 23376 | Lair:4   | Reached skill level 14 in Fire Magic
 23379 | Lair:4   | Reached XP level 15. HP: 90/92 MP: 10/29
 23823 | Lair:5   | Entered Level 5 of the Lair of Beasts
 23850 | Lair:5   | Found a staircase to the Slime Pits.
 23887 | Lair:5   | Found a viscous altar of Jiyva.
 24546 | Lair:5   | Identified the +8 arbalest of Might {heavy, Fragile rN++
                  | Str+3 Dex+3}
 25337 | D:10     | Bought a potion of heal wounds for 115 gold pieces
 25337 | D:10     | Bought a scroll of teleportation for 69 gold pieces
 25337 | D:10     | Bought a scroll of poison for 92 gold pieces
 25337 | D:10     | Bought a wand of paralysis (2) for 110 gold pieces
 25337 | D:10     | Bought a scroll of amnesia for 92 gold pieces
 25337 | D:10     | Bought a scroll of teleportation for 69 gold pieces
 25392 | D:10     | Bought a scroll of revelation for 277 gold pieces
 25392 | D:10     | Bought a potion of curing for 111 gold pieces
 25392 | D:10     | Bought a marble ring for 185 gold pieces
 25392 | D:10     | Bought a scroll of identify for 74 gold pieces
 25673 | Slime:1  | Entered Level 1 of the Pits of Slime
 25673 | Slime:1  | Noticed an azure jelly
 25676 | Slime:1  | Noticed an azure jelly
 25676 | Slime:1  | Killed an azure jelly
 25681 | Slime:1  | Killed an azure jelly
 26006 | Orc:1    | Entered Level 1 of the Orcish Mines
 26405 | Orc:2    | Entered Level 2 of the Orcish Mines
 26502 | Orc:2    | Found a transporter.
 26667 | Orc:2    | Found Qanlipn's Antique Armour Shop.
 26682 | Orc:2    | Bought a pair of embroidered gloves for 232 gold pieces
 26682 | Orc:2    | Bought a pair of embroidered boots for 232 gold pieces
 26767 | Orc:2    | Found a transporter.
 26769 | Orc:2    | Noticed Midn8's ghost (journeyman DrVM)
 26771 | Orc:2    | Found a staircase to the Elven Halls.
 26777 | Orc:2    | Found Vavocrih's General Store.
 26789 | Orc:2    | Bought a potion of heal wounds for 55 gold pieces
 26811 | Orc:2    | Reached ****** piety under Vehumet
 26815 | Orc:2    | Offered knowledge of Yara's Violent Unravelling by Vehumet.
 26984 | Orc:2    | Found Roahawox's Antique Weapon Shop.
 27041 | Orc:2    | Noticed an orc warlord
 27042 | Orc:2    | Found Ziperig's General Store.
 27056 | Orc:2    | Killed an orc warlord
 27292 | Orc:2    | Found Uzuis's Book Shop.
 27300 | Orc:2    | Bought an Inescapable Atlas for 240 gold pieces
 27304 | Orc:2    | Learned a level 2 spell: Blink
 27513 | Orc:2    | Killed Midn8's ghost
 27621 | Orc:2    | Got the ring of Midwinter {rC+ Str+2 Int+6 Slay-4 SInv}
 27625 | Orc:2    | Got the Encyclopedia of Bringing Forth and Hypothermia
 27678 | Orc:2    | Bought a potion of ambrosia for 88 gold pieces
 27739 | Elf:1    | Entered Level 1 of the Elven Halls
 27802 | Elf:1    | Reached XP level 16. HP: 100/100 MP: 12/31
 28178 | Elf:1    | Identified the +5 scimitar of the Six Spines {holy, rElec
                  | rC- rCorr}
 28194 | Elf:1    | Slain by a +2 halberd of flaming

Illustrated notes

Levels and vault maps discovered:
D:1:      pf_arrival_petrified_forest, layout_basic, minivault_5
D:2:      layout_basic, serial_bayou_lagoon_a
D:3:      layout_basic, bloody_trog, uniq_natasha
D:4:      layout_basic, nicolae_overflow_hidden_temple, uniq_pikel,
          uniq_eustachio
D:5:      layout_loops_ring, minmay_temple_entry_slanted, grunt_ministairs_4,
          nicolae_the_louvre
D:6:      layout_loops_corners, kennysheep_little_box, serial_shops, shop,
          minivault_11
D:7:      layout_basic, grunt_temple_overflow_open
D:8:      layout_cave_pools, lemuel_tele_altar, gammafunk_ghost_smash,
          enter_ossuary_2, chequers_serial_rivers_large_b
D:9:      layout_basic, hangedman_abyss_or_decor_passed,
          onia_ninara_dug_in_and_dangerous
D:10:     layout_grid_maze, serial_shops, nicolae_shop_dealshenge,
          nicolae_shop_back_alley_shop, shop
D:11:     layout_irregular_city, lair_entry_dummy, gauntlet_entry_generic,
          kennysheep_small_spiral, uniq_urug
D:12:     layout_roguey, orc_david_3, serial_shops, shop,
          introduction_to_nature_2
D:13:     layout_basic, lightli_vaults_fourway_checkpoint,
          gammafunk_ghost_cemetery, minmay_quadrilaterals
D:14:     layout_stronghold, okawaru_metal_pillars_1_2
Temple:   hellmonk_temple_of_storms
Lair:1:   gammafunk_indiana_jones, layout_regular_city,
          chequers_serial_rivers_small_b, serial_bayou_shore_a
Lair:2:   layout_cave_pods, grunt_megastairs_2
Lair:3:   layout_misc_corridors, minmay_swamp_entry_wisps,
          minmay_snake_entry_guardpost_small, serial_forest,
          infiniplex_forest_lined_3_way, infiniplex_forest_clump_curved,
          infiniplex_forest_straight_4, infiniplex_forest_clump_cross,
          infiniplex_forest_clump_curved, infiniplex_forest_corner_1,
          infiniplex_forest_end_2, infiniplex_forest_clump_small,
          infiniplex_forest_corner_1, chequers_serial_rivers_room_b,
          serial_bayou_shore_b
Lair:4:   layout_misc_corridors, chequers_serial_rivers_micro_d,
          beast_lair_carwin_2
Lair:5:   evilmike_catoblepas_cave, layout_regular_city,
          nicolae_slime_entry_field_trip, st_stairs_10
Slime:1:  layout_caves
Orc:1:    layout_diamond_mine
Orc:2:    grunt_orc_gardens, layout_caves, grunt_orc_garden, grunt_orc_garden,
          grunt_orc_garden, grunt_orc_garden, basic_altar, serial_shops, shop,
          gammafunk_ghost_stat_death
Elf:1:    minmay_the_grid_triangle_9x9_rhombus_thin
          [minmay_the_grid_triangle_9x9_odd_lines,
          minmay_the_grid_triangle_9x9_prize_schism,
          minmay_the_grid_triangle_9x9_dagger,
          minmay_the_grid_triangle_9x9_stretched_checkered],
          layout_loops_corners, serial_shops, shop, hangedman_corner_corridor,
          abandoned_shop

Skill      XL: |  1  2  3  4  5  6  7  8  9 10 11 12 13 14 15 16 |
---------------+-------------------------------------------------+-----
Earth Magic    | 4 5 6 7 10 12 13 | 13.2
Fighting       | 5 6 8 10 11 | 11.4
Armour         | 3 |  3.9
Dodging        | 3 |  3.5
Spellcasting   | 5 6 7 9 10 11 | 11.5
Conjurations   | 3 4 6 7 10 11 12 | 12.1
Transmutations | 3 |  3.1
Fire Magic     | 3 7 12 14 | 14.8
Evocations     | 1 6 7 8 |  8.0
Poison Magic   | 1 3 |  3.7
Stealth        | |  2.1

Action                     |  1- 3 |  4- 6 |  7- 9 | 10-12 | 13-15 | 16-18 || total
---------------------------+-------+-------+-------+-------+-------+-------++-------
  Melee: Hand axe          |     9 |     2 |       |       |       |       ||    11
         Mace              |       |       |    20 |    85 |    59 |     4 ||   168
         Punch             |       |       |       |     5 |     3 |       ||     8
  Throw: Dart              |       |       |     1 |       |       |       ||     1
   Cast: Sandblast         |    48 |    44 |   114 |    87 |     6 |     2 ||   301
         Stone Arrow       |       |       |     1 |   274 |   277 |    40 ||   592
         Starburst         |       |       |       |    13 |   147 |     5 ||   165
         Olgreb's Toxic Ra |       |       |       |       |    32 |       ||    32
  Evoke: Wand              |       |       |       |     3 |    16 |     1 ||    20
    Use: Scroll            |     4 |     1 |     8 |    15 |    12 |       ||    40
         Potion            |       |     1 |     1 |     1 |     4 |     2 ||     9
 Armour: Robe              |     9 |    10 |    26 |   111 |       |       ||   156
         Animal skin       |       |       |       |    40 |   118 |    17 ||   175
  Dodge: Dodged            |    18 |    15 |    37 |   200 |   167 |    11 ||   448

Table legend: (Time is in decaauts)
 A = Elapsed time spent in this place.
 B = Non-inter-level travel time spent in this place.
 C = Inter-level travel time spent in this place.
 D = Time resting spent in this place.
 E = Time spent auto-exploring this place.
 F = Levels seen in this place.
 G = Mean time per level.
                   A        B        C        D        E       F      G
               +--------+--------+--------+--------+--------+-----+--------+
         Total |  28484 |  26774 |   1710 |   8838 |  12064 |  25 | 1139.4 |
       Dungeon |  19390 |  18162 |   1228 |   6392 |   8189 |  14 | 1385.0 |
        Temple |     39 |     39 |      0 |      0 |      0 |   1 |   39.0 |
          Lair |   6297 |   5888 |    409 |   1547 |   3034 |   5 | 1259.4 |
    Slime Pits |     12 |     12 |      0 |      0 |      0 |   1 |   12.0 |
  Orcish Mines |   1738 |   1666 |     72 |    336 |    764 |   2 |  869.0 |
   Elven Halls |    457 |    457 |      0 |    260 |     75 |   1 |  457.0 |
       Ossuary |    548 |    548 |      0 |    303 |      2 |   1 |  548.0 |
               +--------+--------+--------+--------+--------+-----+--------+

Top non-repeatable levels by time:
    D:12: 2560 daAuts
     D:9: 2203 daAuts
    D:13: 2052 daAuts
  Lair:1: 1751 daAuts
    D:10: 1682 daAuts
  Lair:5: 1657 daAuts
     D:8: 1655 daAuts
     D:6: 1362 daAuts
     D:7: 1282 daAuts
   Orc:2: 1268 daAuts
     D:1: 1195 daAuts
  Lair:3: 1181 daAuts
     D:5: 1165 daAuts
     D:4: 1124 daAuts
  Lair:2: 1067 daAuts
